AoeStats
← bll134679

Arena

509409569Analyzed
3v3 RM · 7d ago on Sep 26, 2026· 62m 57s· 6 players
Game mode
Random Map
Map size
Normal (6 player)
Population
200
Speed
Normal
Resources
Standard
Victory
Conquest
Starting age
Dark Age
Ending age
Imperial Age
RankedLock teamsTeams togetherTeam positionsShared explorationLock speedFull tech treeHidden civsTurbo modeCheats
Victory
Defeat
🇺🇸 Danes · United States
1092
+13
🇺🇸 Wu · United States
1025
+16
🇺🇸 Khmer · United States
1015
+17
🇹🇼 Celts · Taiwan
1078
-17
🇹🇼 Magyars · Taiwan
1039
-16
🇹🇼 Franks · Taiwan
975
-13
Chipupu72
9:58 Feudal Age
10:48 Loom
14:12 Castle Age
13:19 Horse Collar
13:45 Double-Bit Axe
26:30 Bow Saw
26:18 Gold Mining
27:23 Wheelbarrow
32:00 Imperial Age
30:15 Fletching
29:57 Pikeman
33:47 Imperial Age
32:50 Scale Mail Armor
33:02 Forging
37:00 Imperial Age
38:57 Capped Ram
40:42 Gold Shaft Mining
40:15 Heavy Plow
40:08 Halberdier
40:37 Arson
42:16 Hand Cart
42:25 Siege Ram
44:46 Chain Mail Armor
45:06 Iron Casting
45:20 Stone Mining
47:00 Chemistry
46:09 Siege Engineers
47:47 Plate Mail Armor
48:18 Blast Furnace
47:18 Man-at-Arms
47:44 Gambesons
48:30 Conscription
48:23 Furor Celtica
48:24 Heavy Scorpion
48:55 Long Swordsman
49:26 Two-Handed Swordsman
50:30 Champion
54:58 Bodkin Arrow
55:30 Ballistics
mingyi45927
12:32 Feudal Age
13:16 Double-Bit Axe
16:49 Castle Age
20:11 Gold Mining
24:19 Scale Barding Armor
25:34 Wheelbarrow
26:25 Bow Saw
30:39 Chain Barding Armor
32:04 Forging
32:06 Husbandry
36:20 Imperial Age
36:22 Cavalier
38:32 Paladin
40:54 Chemistry
40:15 Fortified Wall
41:06 Murder Holes
44:48 Hand Cart
46:00 Plate Barding Armor
46:01 Iron Casting
47:33 Pikeman
48:16 Squires
48:33 Chivalry
51:19 Blast Furnace
50:21 Scale Mail Armor
54:21 Light Cavalry
bll134679
11:39 Feudal Age
12:05 Double-Bit Axe
12:04 Horse Collar
16:45 Loom
19:20 Castle Age
20:27 Bow Saw
20:19 Heavy Plow
22:53 Light Cavalry
27:23 Wheelbarrow
28:56 Bloodlines
30:01 Pikeman
30:56 Thumb Ring
31:46 Husbandry
32:10 Ballistics
38:04 Imperial Age
35:52 Hand Cart
36:12 Scale Mail Armor
36:18 Scale Barding Armor
36:05 Fletching
37:20 Corvinian Army
38:57 Recurve Bow
39:18 Conscription
38:23 Elite Magyar Huszar
38:42 Halberdier
40:29 Heavy Cavalry Archer
41:34 Parthian Tactics
41:14 Bodkin Arrow
41:37 Chain Mail Armor
41:43 Chain Barding Armor
43:21 Hussar
45:41 Crop Rotation
46:13 Two-Man Saw
46:50 Plate Barding Armor
45:45 Elite Skirmisher
54:59 Caravan
HoneyNutGearyOs
7:07 Loom
9:46 Feudal Age
8:01 Loom
10:29 Double-Bit Axe
12:57 Horse Collar
14:36 Wheelbarrow
18:43 Castle Age
17:53 Fletching
18:16 Stone Mining
22:28 Ballistics
25:29 Gold Mining
27:03 Hand Cart
27:10 Bodkin Arrow
27:16 Padded Archer Armor
28:25 Red Cliffs Tactics
29:58 Caravan
30:37 Bow Saw
35:03 Imperial Age
33:18 Gold Shaft Mining
33:19 Stone Shaft Mining
32:46 Heavy Plow
33:44 Caravan
34:27 Crossbowman
35:44 Leather Archer Armor
35:44 Loom
37:07 Chemistry
36:19 Elite Fire Archer
37:07 Bracer
37:57 Sitting Tiger
37:57 Arbalester
40:46 Two-Man Saw
40:24 Murder Holes
40:43 Masonry
TooPercentMilk
10:18 Feudal Age
13:57 Castle Age
12:29 Double-Bit Axe
12:50 Horse Collar
17:03 Loom
19:02 Bow Saw
20:02 Heavy Plow
20:54 Wheelbarrow
21:32 Gold Mining
22:32 Hand Cart
23:45 Scale Barding Armor
23:50 Forging
25:41 Gold Shaft Mining
24:58 Stone Mining
24:56 Town Watch
26:17 Bloodlines
26:07 Husbandry
26:29 Chain Barding Armor
27:19 Town Patrol
36:03 Imperial Age
36:18 Iron Casting
36:00 Tusk Swords
36:55 Elite Battle Elephant
41:21 Caravan
44:48 Blast Furnace
44:24 Plate Barding Armor
52:14 Light Cavalry
53:29 Conscription
54:33 Fletching
JustSulls
11:40 Feudal Age
15:21 Castle Age
13:14 Double-Bit Axe
15:01 Loom
19:02 Horse Collar
24:43 Squires
24:45 Scale Mail Armor
25:24 Bow Saw
26:15 Heavy Plow
28:03 Redemption
27:56 Arson
28:43 Chain Mail Armor
29:16 Forging
32:21 Wheelbarrow
34:19 Gambesons
39:37 Imperial Age
36:58 Town Watch
37:56 Iron Casting
37:11 Fletching
39:58 Hand Cart
40:01 Bodkin Arrow
41:55 Blast Furnace
41:26 Plate Mail Armor
41:36 Pikeman
44:21 Chemistry
43:29 Siege Engineers
43:41 Halberdier
44:41 Man-at-Arms
45:27 Bracer
45:22 Long Swordsman
46:38 Gold Mining
46:39 Stone Mining
46:17 Two-Handed Swordsman
49:42 Ballistics
60:37 Conscription
61:01 Caravan
61:58 Elite Jomsviking
Connection lost

Rejoining the realm…

Still unreachable

The connection could not be restored.

Session expired

The server has moved on; the page needs a fresh start.